 Dungeon Crawl Stone Soup version 0.29-a0-266-gf56f883ddd (webtiles) character file.

Game seed: 17081202158313272333

39 Crownlay the Digger (level 3, -3/19 HPs)
             Began as a Gargoyle Earth Elementalist on Mar 6, 2022.
             Slain by a goblin
             ... wielding a +0 club
             ... led by Robin
              (4 damage)
             ... on level 2 of the Dungeon.
             The game lasted 00:03:48 (1355 turns).

Crownlay the Digger (Gargoyle Earth Elementalist)   Turns: 1355, Time: 00:03:48

Health: -3/19      AC:  5    Str: 11    XL:     3   Next: 45%
Magic:  0/7        EV: 12    Int: 17    God:
Gold:   27         SH:  0    Dex: 16    Spells: 7/8 levels left

rFire   . . .      SeeInvis .   g - staff of earth
rCold   . . .      Faith    .   (no shield)
rNeg    + . .      Spirit   .   b - +0 robe
rPois   ∞          Reflect  .   (no helmet)
rElec   +          Harm     .   (no cloak)
rCorr   .          Rampage  .   (no gloves)
Will    .....                   (no boots)
Stlth   ++........              (no amulet)
HPRegen 0.06/turn               j - +6 ring of dexterity
MPRegen 0.10/turn               (no ring)

@: mighty
A: sickness immunity, AC +3, negative energy resistance 1, electricity
resistance, torment resistance 1, petrification resistance
a: no special abilities


You were on level 2 of the Dungeon.
You visited 1 branch of the dungeon, and saw 2 of its levels.

You collected 27 gold pieces.

Inventory:

Missiles
 a - 76 stones
Armour
 b - a +0 robe (worn)
Magical Staves
 e - a staff of conjuration
 g - a staff of earth (weapon)
Jewellery
 j - a +6 ring of dexterity (left hand)
Scrolls
 d - a scroll of noise {unknown}
 h - a scroll of enchant armour {unknown}
 i - 3 scrolls of silence {unknown}
 k - a scroll of identify {unknown}
Potions
 c - a potion of magic
 f - a potion of might


   Skills:
 - Level 1.5 Dodging
 - Level 2.1 Stealth
 * Level 3.1 Spellcasting
 - Level 0.7 Transmutations
 + Level 4.2 Earth Magic


You had 7 spell levels left.
You knew the following spells:

 Your Spells              Type           Power      Damage    Failure   Level
a - Sandblast             Erth           50%        2d12      3%          1

Your spell library contained the following spells:

 Spells                   Type           Power      Damage    Failure   Level
 Passwall                 Tmut/Erth      13%        N/A       10%         2
 Stone Arrow              Conj/Erth      28%        3d8       22%         3
 Portal Projectile        Hex/Tloc       4%         N/A       45%         3
 Petrify                  Tmut/Erth      16%        N/A       52%         4
 Blade Hands              Tmut           2%         N/A       98%         5
 Excruciating Wounds      Necr           1%         N/A       99%         5


Dungeon Overview and Level Annotations

Branches:
Dungeon (2/15)

Altars:


Innate Abilities, Weirdness & Mutations

You are immune to sickness and miasma.
Your stone body is resilient. (AC +3)
You are immune to poison.
You resist negative energy. (rN+)
You are resistant to electric shocks. (rElec)
You are resistant to unholy torment.
You are immune to petrification.


Message History

Confirm with . or Enter, or press ? or * to list all spells.
You don't have enough magic to cast this spell.
Unknown command.
The goblin attacks as you move away! The goblin hits you but does no damage.
You hit the goblin.
The goblin is severely wounded.
The goblin hits you with a +0 dagger.
You barely miss the goblin.
The goblin is severely wounded.
The goblin hits you but does no damage.
You barely miss the goblin.
The goblin is severely wounded.
A goblin comes into view. It is wielding a +0 club.
The goblin closely misses you. Robin throws the goblin at you!
* * * LOW HITPOINT WARNING * * *
The goblin misses you.
Robin hits you with a +2 dagger of freezing.
* * * LOW HITPOINT WARNING * * *
Robin freezes you.
* * * LOW HITPOINT WARNING * * *
Casting: Sandblast (safe; 3% risk of failure)
Confirm with . or Enter, or press ? or * to list all spells.
Aiming: Sandblast (safe; 3% risk of failure)
Press: ? - help, Shift-Dir - straight line, f/p - Robin
Aim: Robin, wielding a +2 dagger of freezing, wearing a +0 animal skin and wearing a +0 helmet (severely wounded, 86% to hit)
You feel a surge of power!
The blast of sand hits Robin!
You kill Robin!
The goblin barely misses you. The goblin barely misses you.
Items here: ! ) [[.
The goblin attacks as you move away! The goblin hits you with a +0 club.
* * * LOW HITPOINT WARNING * * *
Okay, then.
It was a potion of might.
You feel very mighty all of a sudden. The goblin barely misses you.
The goblin attacks as you move away! The goblin closely misses you.
The goblin attacks as you move away! The goblin barely misses you.
The goblin attacks as you move away! The goblin hits you with a +0 club.
You die...

....###...........#
..##...##.....###.#
.. ............#
..#.##.#...#.#
.............# #
.......#.#####.#
.......#.......#.#
.#..[.............
#...#..@..######.
#.....gg...#
#.........>#
#........#.#
#......)##.#
#.##..)).....#
#..)..))######
.........g..#
#.......###.#


You could see 2 goblins.

Vanquished Creatures
  Robin (D:2)
  2 ball pythons (D:1)
  4 endoplasms (D:1)
  A giant cockroach (D:1)
  7 goblins
  A hobgoblin (D:1)
  2 kobolds (D:1)
  2 bats (D:1)
  4 frilled lizards
  3 rats (D:1)
27 creatures vanquished.

Notes
Turn   | Place    | Note
-------+----------+-------------------------------------------
     0 | D:1      | Crownlay the Gargoyle Earth Elementalist began the quest
                  | for the Orb.
     0 | D:1      | Reached XP level 1. HP: 10/10 MP: 3/3
   495 | D:1      | Reached XP level 2. HP: 11/15 MP: 5/5
  1055 | D:1      | Reached skill level 4 in Earth Magic
  1329 | D:2      | Noticed Robin
  1339 | D:2      | Reached XP level 3. HP: 8/19 MP: 4/7
  1348 | D:2      | Killed Robin
  1355 | D:2      | Slain by a goblin

Illustrated notes

Levels and vault maps discovered:
D:1:      minmay_arrival_plants_in_alcoves, layout_rooms,
          chequers_decorated_corner
D:2:      minmay_recursive_quarters, layout_basic,
          hellmonk_ecumenical_altar_heavens_door,
          amcnicky_mini_rare_corridor_liquid, minmay_misc_feat_tiny, uniq_robin

Skill      XL: |  1  2  3 |
---------------+----------+-----
Earth Magic    | 4 |  4.2
Spellcasting   | 3 |  3.1
Dodging        | |  1.5
Stealth        | |  2.1
Transmutations | |  0.7

Action                   || total
-------------------------++-------
Melee: Staff             ||    71
 Cast: Sandblast         ||    10
  Use: Potion            ||     1
 Stab: Sleeping          ||     3
Armor: Robe              ||    37
Dodge: Dodged            ||    53

Table legend: (Time is in decaauts)
 A = Elapsed time spent in this place.
 B = Non-inter-level travel time spent in this place.
 C = Inter-level travel time spent in this place.
 D = Time resting spent in this place.
 E = Time spent auto-exploring this place.
 F = Levels seen in this place.
 G = Mean time per level.
                   A        B        C        D        E       F      G
               +--------+--------+--------+--------+--------+-----+--------+
         Total |   1367 |   1348 |     19 |      0 |   1148 |   2 |  683.5 |
       Dungeon |   1367 |   1348 |     19 |      0 |   1148 |   2 |  683.5 |
               +--------+--------+--------+--------+--------+-----+--------+

Top non-repeatable levels by time:
     D:1: 1312 daAuts
     D:2: 54 daAuts
